 Dungeon Crawl Stone Soup version 0.17-a0-1804-gf6433eb (webtiles) character file.

17745 Econoterrorist the Cruncher (level 12, -2/80 HPs)
             Began as a Gargoyle Gladiator on Sept 12, 2015.
             Was a Priest of Ru.
             Slain by a spiny frog (12 damage)
             ... on level 6 of the Lair of Beasts.
             The game lasted 00:43:45 (14778 turns).

Econoterrorist the Cruncher (Gargoyle Gladiator)   Turns: 14778, Time: 00:43:45

Health: -2/80      AC: 26    Str: 22    XL:     12   Next: 51%
Magic:  14/14      EV:  9    Int: 13    God:    Ru [***...]
Gold:   888        SH:  0    Dex: 10    Spells: 0 memorised, 11 levels left

rFire  + + .     SeeInvis .     n - +0 lajatang
rCold  . . .     Clarity  .     c - +0 chain mail "Moyner" {*Drain rF++} (curse)
rNeg   + . .     SustAt   .     (no shield)
rPois  ∞         Gourm    .     G - +2 helmet
rElec  +         Spirit   .     (no cloak)
rCorr  .         Warding  .     r - +0 pair of gloves
rMut   .         Stasis   .     N - +0 pair of boots (curse)
MR     .....                    Q - amulet of regeneration
Stlth  ..........               (no ring)
                                (no ring)

@: no potions, not resistant to hostile enchantments, extremely unstealthy
A: negative energy resistance 1, electricity resistance, strong 1, unbreathing,
petrification resistance, rot immunity, inability to drink while threatened,
hated by all, no conjurations magic, no fire magic, no necromancy magic, AC +8
a: Draw Out Power, Renounce Religion


You were on level 6 of the Lair of Beasts.
You worshipped Ru.
Ru was most pleased with you.
You were not hungry.

You visited 2 branches of the dungeon, and saw 15 of its levels.

You collected 938 gold pieces.
You spent 50 gold pieces at shops.

Inventory:

Hand weapons
 a - a +0 quarterstaff
 n - a +0 lajatang (weapon)
Missiles
 d - 3 throwing nets (quivered)
Armour
 c - the cursed +0 chain mail "Moyner" (worn) {*Drain rF++}
   (You found it on level 7 of the Dungeon)

   It greatly protects you from fire.
   It causes draining when unequipped.
   It has a curse placed upon it.
 r - a +0 pair of gloves (worn)
 G - a +2 helmet (worn)
 N - a cursed +0 pair of boots (worn)
Jewellery
 i - an uncursed ring of ice {unknown}
 F - an uncursed amulet of clarity
 Q - an amulet of regeneration (around neck)
Magical devices
 b - a wand of draining (10)
 O - a wand of cold (0)
Scrolls
 f - 5 scrolls of enchant armour {unknown}
 h - 8 scrolls of teleportation
 k - 4 scrolls of recharging {unknown}
 l - 9 scrolls of identify
 m - 6 scrolls of remove curse {unknown}
 o - 3 scrolls of fog {unknown}
 t - 5 scrolls of fear {unknown}
 u - a scroll of magic mapping {unknown}
 v - 2 scrolls of random uselessness {unknown}
 z - 2 scrolls of noise {unknown}
 B - 4 scrolls of blinking {unknown}
 E - 4 scrolls of amnesia {unknown}
 J - a scroll of immolation {unknown}
 K - a scroll of enchant weapon {unknown}
 L - a scroll of vulnerability {unknown}
 M - a scroll of brand weapon {unknown}
 R - a scroll of holy word {unknown}
Potions
 p - 6 potions of curing
 q - a potion of haste {unknown}
 w - 2 potions of lignification
 x - 3 potions of agility
 A - a potion of flight {unknown}
 C - a potion of heal wounds
 H - a potion of brilliance {unknown}
 P - a potion of might {unknown}
Books
 y - a book of Unlife

   Spells                             Type                      Level
   a - Recall                         Summoning/Translocation      3
   b - Animate Dead                   Necromancy                   4
   c - Control Undead                 Necromancy                   4
   d - Cigotuvi's Embrace             Necromancy                   5
   e - Death Channel                  Necromancy                   6
   f - Simulacrum                     Ice/Necromancy               6
 D - a book of Air

   Spells                             Type                      Level
   a - Shock                          Conjuration/Air              1
   b - Swiftness                      Charms/Air                   2
   c - Repel Missiles                 Charms/Air                   2
   d - Static Discharge               Conjuration/Air              3
   e - Lightning Bolt                 Conjuration/Air              5
Comestibles
 e - 10 bread rations
 g - 3 beef jerkies
 s - 9 meat rations
 I - 10 fruits


   Skills:
 - Level 11.4 Fighting
 - Level 14.0 Staves
 - Level 2.0 Throwing
 - Level 10.0 Armour
 - Level 2.4 Dodging
 + Level 3.6 Evocations


You had 11 spell levels left.
You didn't know any spells.

Dungeon Overview and Level Annotations

Branches:
Dungeon (9/15)             Temple (0/1) D:6            Lair (6/8) D:8
  Swamp (0/4) Lair:3        Snake (0/4) Lair:4
  Slime: Lair:6-8       Orc: D:9-12

Altars:
Cheibriados
Elyvilon
Fedhas
Ru
Sif Muna
Vehumet
Xom

Shops:
D:4 !   D:7 :


Innate Abilities, Weirdness & Mutations

You are resistant to torment.
Your stone body is resilient (AC +8).
You are immune to poison.
You resist negative energy.
You are resistant to electric shocks.
You can survive without breathing.
You are immune to petrification.
You are immune to rotting.
You cannot drink potions while threatened.
You are hated by all.
You cannot study or cast Conjurations magic.
You cannot study or cast Fire magic.
You cannot study or cast Necromancy magic.
Your muscles are strong. (Str +2)


Message History

Unknown command.
Read which item? (? for menu, Esc to quit)
Okay, then.
Throwing (i - inventory):
d - 4 throwing nets (quivered)
Press: ? - help, Shift-Dir - straight line, f - komodo dragon
Aim: a komodo dragon (severely wounded)
You throw a throwing net.
The throwing net hits the komodo dragon.
The komodo dragon is caught in the net!
The komodo dragon is severely wounded.
The komodo dragon struggles against the net.
You slash the spiny frog!
The spiny frog is heavily wounded.
The spiny frog stings you!
* * * LOW HITPOINT WARNING * * *
You closely miss the spiny frog.
The spiny frog is heavily wounded.
The komodo dragon struggles against the net.
The spiny frog stings you!
You die...

.#..#.......####..........P#
+....P.......#.............#
#.#..............P.........#
.####........P.^#..###.#+#.#
#.# ##.....###..###.##....##
### .......# #..# ##..)...#
# ####...## #### ###...### #
#....P.######P....P.## #
.........#@#.........# #
.......l#F...[.....#
.........#........P# #
.....%...#.........# #
.......P..........P# .
......#..+.........# ..
......###P........P# ##
...... #........### #.#.#.
#####...##


You could see a komodo dragon (caught) and a spiny frog.

Vanquished Creatures
  Erica (Lair:2)
  Sonja (Lair:2)
  The ghost of braveplatypus the Slicer, an experienced HEAK of Lugonu (D:7)
  A griffon (Lair:2)
  A black mamba (Lair:3)
  An oklob plant (Lair:1)
  An elephant (D:8)
  7 spiny frogs
  2 komodo dragons
  6 polar bears (Lair:4)
  12 blink frogs
  10 yaks (Lair:4)
  A spriggan (D:7)
  A basilisk (Lair:4)
  A hungry ghost (D:7)
  5 hippogriffs
  2 wyverns
  A swamp worm (Lair:3)
  10 wolves
  2 nagas (Lair:4)
  2 water moccasins
  3 orc warriors
  9 porcupines
  A phantom (D:4)
  4 crocodiles
  3 centaurs
  9 giant frogs
  A crimson imp (D:5)
  5 hounds
  A jelly (D:7)
  6 orc wizards
  A giant frog skeleton (D:6)
  5 orc priests
  2 centaur skeletons
  9 iguanas
  8 worker ants
  16 sheep
  A worker ant zombie (D:6)
  2 gnolls (D:6)
  4 adders
  60 river rats
  2 shadow imps
  2 oozes
  An adder skeleton (D:7)
  3 adder zombies
  2 worms
  2 giant geckos
  34 orcs
  6 bats
  4 giant cockroaches
  9 goblins
  7 hobgoblins
  9 jackals
  15 kobolds
  A quokka (D:6)
  2 ball pythons
  5 giant newts
  A jackal zombie (D:5)
  4 rats
  6 fungi (Lair:1)
  A plant (Lair:3)
335 creatures vanquished.

Vanquished Creatures (others)
  A water moccasin (D:6)
  A giant frog skeleton (D:7)
  An orc (D:8)
  17 fungi
  7 plants
27 creatures vanquished.

Grand Total: 362 creatures vanquished

Notes
Turn   | Place    | Note
--------------------------------------------------------------
     0 | D:1      | Econoterrorist the Gargoyle Gladiator began the quest for the Orb.
     0 | D:1      | Reached XP level 1. HP: 12/12 MP: 1/1
    68 | D:1      | Reached XP level 2. HP: 8/17 MP: 2/2
   486 | D:1      | Reached skill level 4 in Staves
   647 | D:1      | Reached XP level 3. HP: 18/21 MP: 3/3
  1084 | D:2      | Found a sacrificial altar of Ru.
  1127 | D:2      | Became a worshipper of Ru the Awakened
  1210 | D:2      | Reached XP level 4. HP: 26/26 MP: 4/4
  1410 | D:2      | Reached skill level 5 in Staves
  1523 | D:3      | Found a shimmering altar of Xom.
  1996 | D:3      | Found a snail-covered altar of Cheibriados.
  2099 | D:4      | Gained mutation: You are hated by all. [Ru sacrifice]
  2099 | D:4      | Acquired Ru's first power
  2133 | D:4      | Reached XP level 5. HP: 23/30 MP: 5/5
  2293 | D:4      | Reached skill level 6 in Staves
  2516 | D:4      | Found a white marble altar of Elyvilon.
  2608 | D:4      | Reached XP level 6. HP: 35/35 MP: 6/6
  2623 | D:4      | Found Deegyll's Distillery.
  2633 | D:4      | Bought a potion of heal wounds for 50 gold pieces
  2943 | D:4      | Reached skill level 7 in Staves
  3128 | D:5      | Entered Level 5 of the Dungeon
  3512 | D:5      | Reached XP level 7. HP: 37/40 MP: 7/7
  3647 | D:5      | Reached skill level 8 in Staves
  3940 | D:5      | Found a deep blue altar of Sif Muna.
  4366 | D:5      | Gained mutation: You cannot study or cast Fire magic. [Ru sacrifice]
  4366 | D:5      | Gained mutation: You cannot study or cast Necromancy magic. [Ru sacrifice]
  4366 | D:5      | Gained mutation: You cannot study or cast Conjurations magic. [Ru sacrifice]
  4366 | D:5      | Acquired Ru's second power
  4498 | D:6      | Found a staircase to the Ecumenical Temple.
  4583 | D:6      | Reached XP level 8. HP: 46/48 MP: 8/8
  4767 | D:6      | Reached skill level 9 in Staves
  5226 | D:6      | Found a shimmering altar of Xom.
  5433 | D:6      | Reached skill level 5 in Fighting
  5721 | D:7      | Found a radiant altar of Vehumet.
  6267 | D:7      | Noticed braveplatypus's ghost (experienced HEAK)
  6286 | D:7      | Killed braveplatypus's ghost
  6286 | D:7      | Reached skill level 10 in Staves
  6286 | D:7      | Reached XP level 9. HP: 45/57 MP: 9/9
  6350 | D:7      | Got a shimmering chain mail
  6361 | D:7      | Identified the cursed +0 chain mail "Moyner" {*Drain rF++} (You found it on level 7 of the Dungeon)
  6442 | D:7      | Found Ritriyr's Book Shop.
  7313 | D:8      | Found a staircase to the Lair.
  7313 | D:8      | Noticed an elephant
  7349 | D:8      | Killed an elephant
  7349 | D:8      | Reached skill level 11 in Staves
  8128 | Lair:1   | Entered Level 1 of the Lair of Beasts
  8155 | Lair:1   | Noticed a komodo dragon
  8165 | Lair:1   | Killed a komodo dragon
  8165 | Lair:1   | Reached XP level 10. HP: 31/66 MP: 10/10
  8580 | Lair:1   | Reached skill level 10 in Fighting
  8580 | Lair:1   | Reached skill level 12 in Staves
  9289 | Lair:1   | Found a blossoming altar of Fedhas.
  9301 | Lair:1   | Noticed an oklob plant
  9497 | Lair:1   | Killed an oklob plant
  9851 | Lair:2   | Noticed Erica
  9871 | Lair:2   | Killed Erica
  9871 | Lair:2   | Reached XP level 11. HP: 72/74 MP: 11/11
 10056 | Lair:2   | Noticed Sonja
 10105 | Lair:2   | Killed Sonja
 10105 | Lair:2   | Reached skill level 13 in Staves
 10579 | Lair:2   | Noticed a griffon
 10589 | Lair:2   | Killed a griffon
 10591 | Lair:2   | Noticed a seven-headed hydra
 11199 | Lair:2   | HP: 2/74 [spiny frog (14)]
 11889 | Lair:3   | Found a staircase to the Swamp.
 11900 | Lair:3   | Reached skill level 5 in Armour
 12764 | Lair:3   | Reached skill level 14 in Staves
 13142 | Lair:4   | Found a staircase to the Snake Pit.
 13167 | Lair:4   | Reached XP level 12. HP: 72/80 MP: 12/12
 13440 | Lair:4   | Gained mutation: You cannot drink potions while threatened. [Ru sacrifice]
 13440 | Lair:4   | Acquired Ru's third power
 13670 | Lair:4   | Reached skill level 10 in Armour
 13979 | Lair:5   | Reached skill level 1 in Evocations
 14357 | Lair:5   | Gained mutation: Your muscles are strong. (Str +2) [potion of beneficial mutation]
 14778 | Lair:6   | Slain by a spiny frog

Vault maps used:
D:1:      eino_arrival_cavern_d, st_stairs_7
D:2:      nicolae_ru_awakened_eye
D:3:      lemuel_coloured_pillars_altar, lemuel_tele_altar
D:4:      serial_shops, kennysheep_little_box, elyvilon_altar_5
D:5:      corexii_shack_village, led_sif_book, first_bread, serial_glass,
          glass_columns_c, glass_columns_a
D:6:      lemuel_round_altar, minmay_temple_entry_glassed_door, kennysheep_boxes
D:7:      fiery_altar_vehumet, nicolae_overflow_hidden_temple, serial_shops,
          shop, the_bakery
D:8:      david_lair_generic
D:9:      hangedman_cross_stitches, zin_angel, columned_hall_lemuel,
          grunt_ministairs_4, serial_bayou_lake_a
Lair:1:   st_stairs_9, tgw_fedhas
Lair:2:   minivault_23, nicolae_lair_grove_arrangements, serial_bayou_shore_b,
          uniq_erica, uniq_sonja
Lair:3:   minmay_swamp_entry_worms, beast_lair_carwin_1, lemuel_fruit_tree
Lair:4:   guppyfry_snake_entry_garden, beast_lair_carwin_8,
          infiniplex_staircase_pool_2
Lair:6:   slime_altar_1, grunt_megastairs_3, serial_bayou_shore_b,
          lemuel_fruit_fields, uniq_maud

Action                   |  1- 3 |  4- 6 |  7- 9 | 10-12 || total
-------------------------+-------+-------+-------+-------++-------
Melee: Quarterstaff      |   110 |   248 |   444 |   315 ||  1117
       Lajatang          |       |       |       |   607 ||   607
Throw: Throwing net      |       |       |       |     5 ||     5
Invok: Sacrifice Love    |       |     1 |       |       ||     1
       Sacrifice Arcana  |       |       |     1 |       ||     1
       Sacrifice Drink   |       |       |       |     1 ||     1
Evoke: Wand              |       |       |       |     1 ||     1
       Fan of gales      |       |       |       |     1 ||     1
  Use: Scroll            |       |       |     2 |     7 ||     9
       Potion            |       |       |       |     2 ||     2
 Stab: Invisible         |       |       |     2 |       ||     2
       Distracted        |       |       |     1 |     1 ||     2
  Eat: Chunk             |     1 |     4 |    13 |    18 ||    36
       Royal jelly       |       |     2 |       |       ||     2
       Fruit             |       |       |     3 |     5 ||     8
       Beef jerky        |       |       |     1 |     1 ||     2
